 Dungeon Crawl Stone Soup version 0.31-a0-150-g89dc3ad700 (webtiles) character file.

Game seed: 15687288259232214937

542 qw the Shooter (level 7, -6/43 HPs)
             Began as a Gargoyle Hunter on June 8, 2023.
             Mangled by Duvessa
             ... wielding a +0 short sword
              (7 damage)
             ... on level 5 of the Dungeon.
             The game lasted 00:01:22 (3209 turns).

qw the Shooter (Gargoyle Hunter)                    Turns: 3209, Time: 00:01:23

Health: -6/43      AC:  8    Str: 15    XL:     7   Next: 27%
Magic:  7/7        EV: 12    Int:  9    God:
Gold:   151        SH:  0    Dex: 15    Spells: 6/6 levels left

rFire   . . .        Y - +2 shortbow
rCold   . . .        (shield currently unavailable)
rNeg    + . .        c - +0 leather armour
rPois   inf          (no helmet)
rElec   +            (no cloak)
rCorr   .            h - +0 pair of gloves
SInv    .            (no boots)
Will    .....        (no amulet)
Stlth   ++           (no ring)
HPRegen 0.27/turn    (no ring)
MPRegen 0.10/turn

%: no passive effects
@: no status effects
A: sickness immunity, AC +4, negative energy resistance 1, electricity
resistance, torment resistance 1, petrification resistance
a: no special abilities


You were on level 5 of the Dungeon.
You visited 1 branch of the dungeon, and saw 5 of its levels.

You collected 151 gold pieces.


Innate Abilities, Weirdness & Mutations

You are immune to sickness and miasma.
Your stone body is resilient. (AC +4)
You are immune to poison.
You resist negative energy. (rN+)
You are resistant to electric shocks. (rElec)
You are resistant to unholy torment.
You are immune to petrification.


   Skills:
 - Level 4.2 Fighting
 + Level 7.3 Ranged Weapons
 - Level 1.0 Armour
 - Level 2.5 Dodging
 - Level 1.1 Stealth


You had 6 spell levels left.
You didn't know any spells.
Your spell library was empty.

Inventory:

Hand Weapons
 Y - a +2 shortbow (weapon)
Armour
 c - a +0 leather armour (worn)
 h - a +0 pair of gloves (worn)
Jewellery
 e - a ring of fire
Wands
 g - a wand of digging (4)
Potions
 a - a potion of mutation {unknown}
 b - a potion of curing
 d - a potion of enlightenment {unknown}
 f - a potion of degeneration {unknown}
 i - a potion of brilliance {unknown}
 j - a potion of haste
 k - a potion of invisibility {unknown}

Dungeon Overview and Level Annotations

Branches:
Dungeon (5/15)
 Temple: D:4-7

Altars:
Qazlal
Uskayaw
Wu Jian
Zin

Annotations:
D:4 1 runed translucent door, qw's ghost, amateur GrFi
D:5 Duvessa


Message History

The orc priest is severely wounded.
You hear a shout! x2
The orc priest begins to cast a cantrip, but forgets the words!
An orc comes into view. It is wielding a +0 dagger.
Duvessa, Sister of Dowan comes into view.
She is wielding a +0 short sword.
An orc comes into view. It is wielding a +0 short sword.
You shoot an arrow. The arrow barely misses the orc priest.
The orc shouts!
Duvessa goes berserk!
An orc comes into view. It is wielding a +0 club.
You shoot an arrow. The arrow barely misses the orc priest.
An orc priest comes into view. It is wielding a +0 flail.
You shoot an arrow. The arrow closely misses Duvessa.
The arrow barely misses the orc priest.
The orc priest looks encouraged for a moment.
You hear a shout!
You shoot an arrow. The arrow hits Duvessa.
Duvessa is lightly wounded.
You shoot an arrow. The arrow hits Duvessa.
Duvessa is lightly wounded.
Duvessa hits you with a +0 short sword! Duvessa barely misses you.
You shoot an arrow. The arrow hits Duvessa.
Duvessa is moderately wounded.
Duvessa hits you but does no damage.
Duvessa hits you with a +0 short sword!!
You shoot an arrow.
The arrow hits Duvessa but does no damage.
Duvessa is moderately wounded.
Duvessa closely misses you.
A shadow imp comes into view.
Duvessa hits you with a +0 short sword!
You shoot an arrow. The shadow imp shouts!
The arrow hits Duvessa.
Duvessa is moderately wounded.
Duvessa barely misses you.
You shoot an arrow. The arrow closely misses Duvessa.
The arrow hits the orc but does no damage.
Duvessa hits you with a +0 short sword!
You die...

## #(# ##### ## # #.#
#... .# ##. #.##.####
.# ##.## ##......##.###
#...###.##.##......####
#....#.###.####.......#
#...#.## #.....@.#.##.#
##.#### ######e## # #.#
#o# ###.### #o. ......#
#.. ###.#.### ....
##....%. ...5 ##.##.#.#
..... ##....#.#


You could see Duvessa (berserk), a shadow imp and 2 orcs.

Vanquished Creatures
  Sigmund (D:4)
  An ogre (D:4)
  Dowan (D:5)
  An orc priest (D:3)
  A hound (D:4)
  An iguana (D:5)
  5 adders
  A river rat (D:3)
  2 worms
  5 dart slugs
  4 orcs (D:3)
  7 ball pythons
  6 endoplasms
  10 giant cockroaches
  7 goblins
  9 hobgoblins
  10 kobolds
  7 quokkas
  A bat (D:3)
  5 frilled lizards
  A rat (D:1)
86 creatures vanquished.

Notes
Turn   | Place    | Note
-------+----------+-------------------------------------------
     0 | D:1      | qw the Gargoyle Hunter began the quest for the Orb.
     0 | D:1      | Reached XP level 1. HP: 12/12 MP: 1/1
     0 | D:1      | 0 ||| qw: Version: 0.2-a-119-g7aa9181
     0 | D:1      | 0 ||| qw: Game counter: 2796
     0 | D:1      | 0 ||| qw: Always use a shield: true
     0 | D:1      | 0 ||| qw: God list: Okawaru
     0 | D:1      | 0 ||| qw: Allow faded altars: false
     0 | D:1      | 0 ||| qw: Do Orc after D:15 true
     0 | D:1      | 0 ||| qw: Do second Lair branch before Depths: true
     0 | D:1      | 0 ||| qw: Lair rune preference: random
     0 | D:1      | 0 ||| qw: Plans: Normal
     0 | D:1      | 0 ||| PLANNING D:1-11
   113 | D:1      | Reached XP level 2. HP: 17/17 MP: 2/2
   274 | D:1      | You fall into a shaft and drop 1 floor!
   311 | D:2      | 311 ||| READING scroll labelled WIXASHR XESK.
   312 | D:2      | 312 ||| DROPPING scroll of butterflies.
   314 | D:2      | 314 ||| FLEEEEING.
   317 | D:2      | 317 ||| STAIRDANCE
   330 | D:1      | Reached XP level 3. HP: 21/21 MP: 3/3
   395 | D:1      | Reached skill level 5 in Ranged Weapons
   878 | D:1      | 878 ||| READING scroll labelled DUEGYD KOER.
   879 | D:1      | 879 ||| DRINKING 2 grey potions.
   905 | D:2      | 905 ||| STAIRDANCE
   976 | D:2      | Reached skill level 3 in Fighting
   981 | D:2      | 981 ||| Stepping ~*~*~tactically~*~*~ (water).
  1118 | D:2      | Reached XP level 4. HP: 28/28 MP: 4/4
  1494 | D:3      | 1494 ||| PLANNING SEWER
  1497 | D:3      | Found an ornate altar of the Wu Jian Council.
  1593 | D:3      | 1593 ||| FLEEEEING.
  1594 | D:3      | 1594 ||| FLEEEEING.
  1595 | D:3      | 1595 ||| FLEEEEING.
  1596 | D:3      | 1596 ||| FLEEEEING.
  1597 | D:3      | 1597 ||| FLEEEEING.
  1602 | D:3      | 1602 ||| FLEEEEING.
  1609 | D:3      | 1609 ||| FLEEEEING.
  1610 | D:3      | 1610 ||| FLEEEEING.
  1615 | D:3      | 1615 ||| FLEEEEING.
  1617 | D:3      | 1617 ||| FLEEEEING.
  1618 | D:3      | 1618 ||| FLEEEEING.
  1620 | D:3      | 1620 ||| FLEEEEING.
  1621 | D:3      | 1621 ||| FLEEEEING.
  1622 | D:3      | 1622 ||| FLEEEEING.
  1623 | D:3      | 1623 ||| FLEEEEING.
  1624 | D:3      | 1624 ||| FLEEEEING.
  1625 | D:3      | 1625 ||| FLEEEEING.
  1626 | D:3      | 1626 ||| FLEEEEING.
  1627 | D:3      | 1627 ||| STAIRDANCE
  1654 | D:3      | Reached XP level 5. HP: 32/32 MP: 5/5
  1679 | D:3      | Reached skill level 6 in Ranged Weapons
  1722 | D:3      | Found a faded altar of an unknown god.
  2122 | D:3      | 2122 ||| RIP SEWER
  2151 | D:3      | 2151 ||| PLANNING D:1-11
  2196 | D:3      | 2196 ||| DROPPING scarf of shadows.
  2197 | D:3      | 2197 ||| READING scroll labelled GIESCH BEYH.
  2260 | D:4      | Found a stormy altar of Qazlal.
  2280 | D:4      | Noticed Sigmund
  2290 | D:4      | HP: 7/33 [something (6)]
  2292 | D:4      | Killed Sigmund
  2293 | D:4      | Reached skill level 7 in Ranged Weapons
  2293 | D:4      | Reached XP level 6. HP: 8/38 MP: 6/6
  2503 | D:4      | Found a runed translucent door.
  2504 | D:4      | 2504 ||| READING scroll labelled LARHOD HEUDE.
  2505 | D:4      | 2505 ||| READING scroll labelled TEGOKH EDONYU.
  2564 | D:4      | Reached XP level 7. HP: 43/43 MP: 7/7
  2627 | D:4      | Found a glowing silver altar of Zin.
  2663 | D:4      | Noticed qw's ghost (amateur GrFi)
  2718 | D:4      | 2718 ||| READING scroll of enchant weapon.
  2718 | D:4      | 2718 ||| ENCHANTING +1 shortbow.
  2779 | D:4      | Found a hide-covered altar of Uskayaw.
  3076 | D:4      | 3076 ||| UPGRADING to +0 pair of gloves.
  3081 | D:4      | 3081 ||| DRINKING 2 yellow potions.
  3096 | D:5      | Entered Level 5 of the Dungeon
  3118 | D:5      | Reached skill level 1 in Armour
  3181 | D:5      | Noticed Dowan
  3193 | D:5      | Killed Dowan
  3200 | D:5      | Noticed Duvessa
  3206 | D:5      | HP: 10/43 [Duvessa/+0 short sword (18)]
  3207 | D:5      | HP: 1/43 [Duvessa/+0 short sword (10)]
  3209 | D:5      | Mangled by Duvessa

Levels and vault maps discovered:
D:1:      minmay_arrival_shattered_statue, layout_basic, minmay_pentomino_w2
D:2:      wander_river, layout_loops_ring
D:3:      layout_basic, overflow_temple_1_default, gup_sewer_entry_bowl,
          shapermc_ecumenical_altar_gd
D:4:      dreamdust_elfheim, layout_basic,
          mainiacjoe_overflow_concentric_impassable, zin_scriptorium,
          mainiacjoe_overflow_cross_hatched, ebering_ghost_sewer_d, uniq_sigmund
D:5:      layout_loops_cross, mainiacjoe_overflow_surrounded_room,
          mainiacjoe_overflow_tiny_flanked, uniq_blork_the_orc, uniq_duvessa

Skill      XL: |  1  2  3  4  5  6  7 |
---------------+----------------------+-----
Ranged Weapons | 5 7 |  7.3
Fighting       | 3 4 |  4.2
Dodging        | 2 |  2.5
Armour         | 1 |  1.0
Stealth        | |  1.1

Action                     |  1- 3 |  4- 6 |  7- 9 || total
---------------------------+-------+-------+-------++-------
   Fire: Shortbow          |    95 |   139 |    45 ||   279
    Use: Scroll            |     2 |     3 |     1 ||     6
         Potion            |     1 |       |     1 ||     2
 Armour: Leather armour    |     7 |    22 |     1 ||    30
  Dodge: Dodged            |    17 |    35 |     8 ||    60

Table legend:
 A = Non-vault XP
 B = Vault XP
 C = Vault XP percentage of total XP
 D = Non-vault monster count
 E = Vault monster count
 F = Vault count percentage of total count
                 A         B        C        D         E       F
            +---------+---------+-------+---------+---------+-------
      Total |     443 |     332 |  42.8 |      78 |       8 |   9.3
            +---------+---------+-------+---------+---------+-------
        D:1 |      56 |       4 |   6.7 |      21 |       2 |   8.7
        D:2 |      49 |       0 |   0.0 |      21 |       0 |   0.0
        D:3 |     115 |      22 |  16.1 |      20 |       4 |  16.7
        D:4 |     183 |     243 |  57.0 |      14 |       1 |   6.7
        D:5 |      40 |      63 |  61.2 |       2 |       1 |  33.3
            +---------+---------+-------+---------+---------+-------
